 Dungeon Crawl Stone Soup version 0.19-a0-1008-g4c63d25 (webtiles) character file.

128 Implojin the Ruffian (level 4, 0/58 HPs)
             Began as a Minotaur Fighter on July 21, 2016.
             Succumbed to contrafett's ghost's sting
             ... on level 4 of the Dungeon.
             The game lasted 00:02:03 (402 turns).

Implojin the Ruffian (Minotaur Fighter)              Turns: 402, Time: 00:02:04

Health: 0/58       AC: 22    Str: 20    XL:     4   Next: 87%
Magic:  3/3        EV:  2    Int:  5    God:
Gold:   0          SH:  9    Dex: 11    Spells: 0 memorised, 3 levels left

rFire  . . .     SeeInvis .       - Unarmed
rCold  . . .     Gourm    .     (armour currently unavailable)
rNeg   + + +     Faith    .     b - +0 shield
rPois  +         Spirit   .     (helmet currently unavailable)
rElec  .         Dismiss  .     (cloak currently unavailable)
rCorr  .         Reflect  .     (gloves currently unavailable)
SustAt .         Harm     .     (boots currently unavailable)
MR     .....     NoTele   +     (no amulet)
Stlth  +.........               (no ring)
                                (no ring)

@: lethally poisoned (0 -> -34), tree-form, drained, not resistant to hostile
enchantments, very unstealthy
A: (retaliatory headbutt), (horns 0)
a: no special abilities


You were on level 4 of the Dungeon.
You were not hungry.
You were a tree.
You visited 1 branch of the dungeon, and saw 4 of its levels.

Inventory:

Missiles
 j - 5 tomahawks (quivered)
Armour
 a - a +0 scale mail
 b - a +0 shield (worn)
 e - a +0 plate armour (melded)
 h - a +0 cloak (melded)
Scrolls
 f - a scroll of remove curse {unknown}
 g - a scroll of enchant armour {unknown}
Comestibles
 d - 2 bread rations


   Skills:
 - Level 3.6(3.4) Fighting
 - Level 3.6(3.4) Armour
 - Level 3.6(3.4) Shields
 * Level 5.6(5.4) Unarmed Combat


You had 3 spell levels left.
You didn't know any spells.

Dungeon Overview and Level Annotations

Branches:
Dungeon (4/15)
 Temple: D:4-7

Altars:

Annotations:
D:4 contrafett's ghost, amateur SpVM


Innate Abilities, Weirdness & Mutations

((You reflexively headbutt those who attack you in melee.))
((You have a pair of horns on your head.))


Message History

Contrafett's ghost points at you and mumbles some strange words.
The sting hits you!
You are more poisoned.
Unknown command.
Okay, then.
You completely miss contrafett's ghost.
Contrafett's ghost is heavily damaged.
* * * LOW HITPOINT WARNING * * *
You feel very sick.
Contrafett's ghost points at you and mumbles some strange words.
The sting hits you!
You are more poisoned.
Unknown command.
You closely miss contrafett's ghost.
Your headbutt misses contrafett's ghost.
Contrafett's ghost is heavily damaged.
* * * LOW HITPOINT WARNING * * *
You feel very sick.
Contrafett's ghost casts a spell at you.
The sting hits you!
You are more poisoned.
Unknown command.
It was a potion of lignification.
You turn into a tree.
Your +0 cloak melds into your body.
Your +0 plate armour melds into your body.
Your roots penetrate the ground.
* * * LOW HITPOINT WARNING * * *
You feel very sick. You block contrafett's ghost's attack.
Unknown command.
Unknown command.
You hit contrafett's ghost but do no damage.
Contrafett's ghost is heavily damaged.
* * * LOW HITPOINT WARNING * * *
You feel very sick. Contrafett's ghost hits you.
* * * LOW HITPOINT WARNING * * *
You completely miss contrafett's ghost.
Contrafett's ghost is heavily damaged.
You die...

##......# ###.......#
...... #........##
...... #........#
###...# #........#
#.#...###
#...)....###.......##.
#......##...>.........
#.....................
................♣W......
#..........##...........
#........####.....?.....
#........# #......##...
##.......# #......# ..
#........ #......# .
#........ #........
....... #......##


You could see contrafett's ghost.

Vanquished Creatures
  2 orc wizards (D:4)
  A worker ant (D:4)
  An ooze (D:2)
  3 worms
  13 orcs
  A goblin (D:1)
  A hobgoblin (D:3)
  2 kobolds
  A bat (D:1)
  A giant newt (D:2)
  2 rats
28 creatures vanquished.

Notes
Turn   | Place    | Note
-------+----------+-------------------------------------------
     0 | D:1      | Implojin the Minotaur Fighter began the quest for the Orb.
     0 | D:1      | Reached XP level 1. HP: 19/19 MP: 0/0
   240 | D:2      | Reached skill level 3 in Unarmed Combat
   240 | D:2      | Reached XP level 2. HP: 17/26 MP: 1/1
   306 | D:3      | Reached XP level 3. HP: 24/31 MP: 2/2
   307 | D:3      | Reached skill level 4 in Unarmed Combat
   356 | D:4      | Reached skill level 5 in Unarmed Combat
   356 | D:4      | Reached XP level 4. HP: 34/39 MP: 3/3
   385 | D:4      | Noticed contrafett's ghost (amateur SpVM)
   402 | D:4      | Succumbed to contrafett's ghost's sting

Vault maps used:
D:1:      dpeg_arrival_tiny_k, serial_bayou_pond_e
D:2:      uniq_iyjb
D:3:      uniq_grinder
D:4:      serial_shops, kennysheep_mini, portal_sewer_entry_c, tso_altar

Skill      XL: |  1  2  3 |
---------------+----------+-----
Unarmed Combat | 3 5 |  5.6
Fighting       | |  3.6
Armour         | |  3.6
Shields        | |  3.6

Action                   |  1- 3 |  4- 6 || total
-------------------------+-------+-------++-------
Melee: Unarmed           |    84 |    24 ||   108
       Headbutt          |    13 |     3 ||    16
  Use: Potion            |     1 |     1 ||     2
Armor: Plate armour      |    30 |    10 ||    40
       Scale mail        |     7 |       ||     7
Dodge: Dodged            |     7 |     2 ||     9
Block: Shield            |    27 |     4 ||    31

Table legend:
 A = Turns spent in this place as a percentage of turns spent in the entire game.
 B = Non-inter-level travel turns spent in this place as a percentage of non-inter-level travel turns spent in the entire game.
 C = Inter-level travel turns spent in this place as a percentage of turns spent in this place.
 D = Turns resting spent in this place as a percentage of non-inter-level travel turns spent in this place.
 E = Turns spent auto-exploring this place as a percentage of non-inter-level travel turns spent in this place.
 F = Non-inter-level travel turns spent in this place divided by the number of levels of this place that you've seen.
                   A       B       C       D       E      F
               +-------+-------+-------+-------+-------+----------------------
         Total | 100.0 | 100.0 |   0.0 |   0.0 |   0.0 | 105.0
       Dungeon | 100.0 | 100.0 |   0.0 |   0.0 |   0.0 | 105.0
               +-------+-------+-------+-------+-------+----------------------

Table legend:
 A = Kills in this place as a percentage of kills in entire the game.
 B = Kills by you in this place as a percentage of kills by you in the entire game.
 C = Kills by friends in this place as a percentage of kills by friends in the entire game.
 D = Other kills in this place as a percentage of other kills in the entire game.
 E = Experience gained in this place as a percentage of experience gained in the entire game.
 F = Experience gained in this place divided by the number of levels of this place that you have seen.
                   A       B       C       D       E      F
               +-------+-------+-------+-------+-------+----------------------
         Total | 100.0 | 100.0 |  -nan |  -nan | 100.0 |  46.0
       Dungeon | 100.0 | 100.0 |  -nan |  -nan | 100.0 |  46.0
               +-------+-------+-------+-------+-------+----------------------
